 Dungeon Crawl Stone Soup version 0.25-a0-734-g73332ae (webtiles) character file.

Game seed: 3984288854443439265, levelgen mode: deterministic

3509 BlueFish the Thaumaturge (level 9, -1/68 HPs)
             Began as a Mummy Wizard on Apr 9, 2020.
             Was a Follower of Kikubaaqudgha.
             Killed from afar by Harold (11 damage)
             ... with a harpoon shot
             ... on level 8 of the Dungeon.
             The game lasted 00:27:28 (11264 turns).

BlueFish the Thaumaturge (Mummy Wizard)            Turns: 11264, Time: 00:27:29

Health: -1/68      AC:  5    Str: 10    XL:     9   Next: 81%
Magic:  5/23       EV: 13    Int: 21    God:    Kikubaaqudgha [*.....]
Gold:   422        SH:  0    Dex: 10    Spells: 13/29 levels left

rFire    + . .     SeeInvis .   o - +0 spear (venom)
rCold    + + .     Gourm    .   (no shield)
rNeg     + + +     Faith    .   a - +0 robe
rPois    ∞         Spirit   .   b - +0 hat
rElec    .         Reflect  .   j - scarf {rC+ rF+}
rCorr    .         Harm     .   f - +2 pair of gloves
MR       +....                  (no boots)
Stlth    ++++......             (no amulet)
HPRegen  0.21/turn              q - ring of stealth
MPRegen  0.18/turn              p - ring of protection from fire

@: no status effects
A: no food or potions, fire vulnerability, cold resistance 1, negative energy
resistance 3, torment resistance, unbreathing
a: Receive Corpses, Renounce Religion


You were on level 8 of the Dungeon.
You worshipped Kikubaaqudgha.
Kikubaaqudgha was aware of your devotion.
You were not hungry.

You visited 2 branches of the dungeon, and saw 9 of its levels.
You also visited: Sewer.

You collected 422 gold pieces.

Inventory:

Hand Weapons
 o - a +0 spear of venom (weapon)
Armour
 a - a +0 robe (worn)
 b - a +0 hat (worn)
 f - a +2 pair of gloves (worn)
 j - a scarf of resistance (worn)
Jewellery
 k - a +4 ring of strength
 p - a ring of protection from fire (right hand)
 q - a ring of stealth (left hand)
Wands
 m - a wand of enslavement (5)
 r - a wand of polymorph (9)
 t - a wand of paralysis (3)
Scrolls
 c - 2 scrolls of noise
 d - 3 scrolls of immolation
 h - a scroll of magic mapping
 i - 2 scrolls of fog
 l - 2 scrolls of identify
 n - 4 scrolls of remove curse
 s - a scroll of teleportation


   Skills:
 * Level 5.1 Fighting
   Level 0.3 Short Blades
 + Level 2.4 Polearms
 * Level 4.4 Dodging
 * Level 4.8 Stealth
 + Level 10.7 Spellcasting
 + Level 2.3 Conjurations
 + Level 3.8 Summonings
 * Level 1.6 Necromancy
 + Level 0.7 Translocations
 + Level 0.3 Air Magic
 + Level 0.1 Poison Magic


You had 13 spell levels left.
You knew the following spells:

 Your Spells              Type           Power        Failure   Level  Hunger
a - Pain                  Necr           ###.         3%          1    N/A
b - Blink                 Tloc           N/A          7%          2    N/A
c - Call Imp              Summ           ####....     1%          2    N/A
d - Slow                  Hex            ##......     9%          2    N/A
e - Mephitic Cloud        Conj/Pois/Air  ###.....     12%         3    N/A
f - Magic Dart            Conj           ###.         2%          1    N/A
g - Vampiric Draining     Necr           ###.......   10%         3    N/A
h - Corpse Rot            Necr/Air       N/A          6%          2    N/A

Your spell library contained the following spells:

 Spells                   Type           Power        Failure   Level  Hunger
 Animate Skeleton         Necr           N/A          3%          1    N/A
 Conjure Flame            Conj/Fire      ###.....     11%         3    N/A

Dungeon Overview and Level Annotations

Branches:
Dungeon (8/15)             Temple (1/1) D:7            Lair (0/6) D:8
  Sewer (visited)

Altars:
Ashenzari
Cheibriados
Elyvilon
Fedhas
Gozag
Kikubaaqudgha
Nemelex Xobeh
Okawaru
Qazlal
Ru
Sif Muna
Trog
Uskayaw
Vehumet
Xom
Yredelemnul
The Shining One
Lugonu

Annotations:
D:5 exclusion: statue
D:8 Harold


Innate Abilities, Weirdness & Mutations

You do not eat or drink.
Your flesh is vulnerable to fire.
You are immune to poison.
Your flesh is cold resistant. (rC+)
You are immune to negative energy. (rN+++)
You are immune to unholy pain and torment.
You can survive without breathing.


Message History

Okay, then.
Casting: Call Imp (safe; 1% risk of failure)
Confirm with . or Enter, or press ? or * to list all spells.
Aiming: Mephitic Cloud (safe; 12% risk of failure)
Press: ? - help, Shift-Dir - straight line, f/p - Harold
Aim: Harold, wielding a +1 long sword of holy wrath and wearing a +0 scale mail (heavily wounded, very poisoned)
The ball explodes into a vile cloud!
The stinking cloud engulfs Harold but does no damage.
Harold is heavily wounded.
Your crimson imp hits Harold but does no damage.
Harold is engulfed in noxious fumes.
Found a ration.
Found a mace.
You see here 23 bolts.
Found a ration.
A leopard gecko zombie comes into view.
Harold fires a harpoon shot at you. The harpoon shot hits you!
You die...
Kikubaaqudgha rasps: "You have failed me!
Welcome... oblivion!"

**#.####.###.###(.?..%#
**#,* #.# ##,#.#.....#
,,*,* #.# *#.###...##
*,*,* *#+#* ##* ##.##
,,,,***,,,** #5#
*,****,,,,,** ##@#
*,***,,,,,,,** ##..#
*,**,,,,,,,,,####...##
,,,+,,,,,,,,,+..@.%..#
*,**,,,,,,,,,####...##**
*,***,,,,,,,**,,.......#
*,* **,,,,,***,###.###.#
,,* **,,,** *,* #.# *,#
*,* **+** *,* #.#**,*
,,* *,* *,* *..,*,* ,,*
*,* ***,****#,*,* ***
**,***,,,,,,,><,,*


You could see Harold and a friendly crimson imp.

Vanquished Creatures
  A two-headed ogre (D:8)
  Joseph (D:7)
  A hippogriff (D:8)
  A yak (D:7)
  2 hogs (D:7)
  Menkaure (D:7)
  A sky beast (D:7)
  A black bear (D:6)
  A phantom (D:7)
  3 ogres
  An ice beast (D:8)
  A necrophage (D:6)
  3 centaurs
  2 bullfrogs
  2 scorpions
  2 killer bees (D:8)
  A crimson imp (D:7)
  An orc priest (D:8)
  An orc wizard (D:8)
  A hound (D:8)
  A centaur skeleton (D:8)
  7 adders
  An adder zombie (D:3)
  2 adder skeletons
  3 dart slugs (D:1)
  A leopard gecko (D:4)
  6 orcs
  4 giant cockroaches
  5 hobgoblins
  3 jackals
  3 quokkas
  6 bats
  4 frilled lizards
  4 goblins
  2 goblin skeletons (D:7)
  A hobgoblin zombie (D:7)
  8 kobolds
  A kobold skeleton (D:7)
  A kobold zombie (D:7)
  A quokka skeleton (D:5)
  A quokka zombie (D:8)
  4 rats
97 creatures vanquished.

Vanquished Creatures (collateral kills)
  A hippogriff (D:8)
  A hog (D:7)
  A human (D:7)
  A water moccasin (D:7)
  A phantom (D:7)
  An ice beast (D:7)
  An ogre (D:8)
  A big kobold (Sewer)
  A bullfrog (D:7)
  A scorpion (D:5)
  A killer bee (D:8)
  A crimson imp (D:5)
  A quasit (D:7)
  Crazy Yiuf (D:5)
  A hound (D:4)
  2 iguanas
  A worker ant (D:6)
  A killer bee zombie (D:5)
  2 river rats (Sewer)
  6 adders
  A worm (D:3)
  A dart slug (D:1)
  A leopard gecko (D:5)
  2 orcs
  2 hobgoblins (D:1)
  7 jackals
  A frilled lizard (D:4)
  3 goblin skeletons (D:7)
  2 goblin zombies (D:7)
  2 kobolds (Sewer)
  An orc skeleton (D:7)
  An orc zombie (D:7)
  3 rats
54 creatures vanquished.

Grand Total: 151 creatures vanquished

Notes
Turn   | Place    | Note
-------+----------+-------------------------------------------
     0 | D:1      | BlueFish the Mummy Wizard began the quest for the Orb.
     0 | D:1      | Reached XP level 1. HP: 13/13 MP: 5/5
   232 | D:1      | Reached XP level 2. HP: 6/20 MP: 0/7
   236 | D:1      | Learned a level 2 spell: Blink
   239 | D:1      | Learned a level 2 spell: Call Imp
   242 | D:1      | Learned a level 2 spell: Slow
  1655 | D:2      | Reached XP level 3. HP: 14/25 MP: 1/9
  1660 | D:2      | Learned a level 3 spell: Mephitic Cloud
  1791 | D:2      | Found a blossoming altar of Fedhas.
  1883 | D:2      | Found an opulent altar of Gozag.
  2055 | D:2      | Reached skill level 1 in Summonings
  2466 | D:3      | Found a hide-covered altar of Uskayaw.
  2476 | D:3      | Reached skill level 1 in Conjurations
  2489 | D:3      | Reached skill level 1 in Fighting
  2809 | D:3      | Reached skill level 5 in Spellcasting
  2884 | D:3      | Reached XP level 4. HP: 30/32 MP: 0/11
  2993 | D:3      | Noticed an ogre
  3024 | D:3      | Killed an ogre
  3024 | D:3      | Reached XP level 5. HP: 27/37 MP: 2/13
  3478 | D:3      | Found a bloodstained altar of Trog.
  3583 | D:4      | Noticed a centaur
  3681 | D:4      | Found a shimmering altar of Xom.
  3681 | D:4      | Found a shimmering altar of Xom.
  3681 | D:4      | Found a shimmering altar of Xom.
  3691 | D:4      | Killed a centaur
  3702 | D:4      | Reached XP level 6. HP: 14/43 MP: 6/14
  3717 | D:4      | Found a shimmering altar of Xom.
  3752 | D:4      | Found a glowing drain.
  3902 | Sewer    | Entered a sewer
  4061 | Sewer    | Reached skill level 6 in Spellcasting
  4228 | Sewer    | Found a white marble altar of Elyvilon.
  4786 | D:5      | Entered Level 5 of the Dungeon
  5189 | D:5      | Found a radiant altar of Vehumet.
  5243 | D:5      | Found a white marble altar of Elyvilon.
  5374 | D:5      | Found a sparkling altar of Nemelex Xobeh.
  5509 | D:5      | Found a runed translucent door.
  5510 | D:5      | Noticed Crazy Yiuf
  5721 | D:5      | Reached XP level 7. HP: 51/51 MP: 10/17
  6054 | D:5      | Killed Crazy Yiuf
  6359 | D:6      | Reached skill level 7 in Spellcasting
  6436 | D:6      | You fall into a shaft and drop 1 floor!
  7106 | D:6      | Found a basalt altar of Yredelemnul.
  7418 | D:7      | Reached skill level 8 in Spellcasting
  7426 | D:7      | Reached XP level 8. HP: 44/58 MP: 16/20
  7605 | D:7      | Found a staircase to the Ecumenical Temple.
  7616 | Temple   | Entered the Ecumenical Temple
  7631 | Temple   | Became a worshipper of Kikubaaqudgha
  7680 | D:7      | Noticed Joseph
  7991 | D:7      | Killed Joseph
  7991 | D:7      | Reached skill level 1 in Polearms
  8260 | D:7      | Noticed Menkaure
  8287 | D:7      | Killed Menkaure
  8449 | D:7      | Reached skill level 9 in Spellcasting
  8583 | D:7      | Found a glowing golden altar of the Shining One.
  9506 | D:7      | Reached XP level 9. HP: 24/65 MP: 3/22
  9961 | D:8      | Reached skill level 10 in Spellcasting
 10273 | D:8      | Reached * piety under Kikubaaqudgha
 10273 | D:8      | Identified Kikubaaqudgha's Incunabulum of Black Secrets
                  | (Kikubaaqudgha gifted it to you on level 8 of the Dungeon)
 10273 | D:8      | Received a gift from Kikubaaqudgha
 10279 | D:8      | Learned a level 1 spell: Pain
 10283 | D:8      | Learned a level 3 spell: Vampiric Draining
 10286 | D:8      | Learned a level 2 spell: Corpse Rot
 10842 | D:8      | Noticed Harold
 11159 | D:8      | Noticed a two-headed ogre
 11198 | D:8      | Killed a two-headed ogre
 11198 | D:8      | Reached skill level 5 in Fighting
 11198 | D:8      | Reached skill level 1 in Necromancy
 11264 | D:8      | Killed from afar by Harold

Levels and vault maps discovered:
D:1:      dpeg_arrival_rhombus, layout_rooms
D:2:      layout_basic, overflow_temple_1_default, fedhas_altar_2, first_ration
D:3:      layout_basic, eat_drink_and_be_merry_uskayaw, solitary_fountain,
          trog_book
D:4:      layout_rooms, portal_sewer_entry_d, xom_redecorated
D:5:      layout_loops_corners, elyvilon_altar_1, overflow_temple_1_default,
          vehumet_statue, uniq_crazy_yiuf_cottage
D:6:      layout_basic, lemuel_crystal_altar
D:7:      layout_basic, nicolae_tso_besieged_by_evil,
          minmay_temple_entry_glassed_door, grunt_livestock, uniq_menkaure,
          uniq_joseph
D:8:      layout_loops_corners, regret_index_temple_of_mockery, zin_scriptorium,
          david_lair_shrubbed, enter_bailey_8, uniq_harold
Temple:   corrupted_temple

Skill      XL: |  1  2  3  4  5  6  7  8  9 |
---------------+----------------------------+-----
Stealth        | 2 3 4 |  4.8
Summonings     | 1 2 3 |  3.8
Conjurations   | 1 2 |  2.3
Fighting       | 1 2 3 5 |  5.1
Spellcasting   | 5 6 8 9 10 | 10.7
Dodging        | 2 3 4 |  4.4
Polearms       | 1 2 |  2.4
Necromancy     | 1 |  1.6
Short Blades   | |  0.3
Translocations | |  0.7
Air Magic      | |  0.3
Poison Magic   | |  0.1

Action                   |  1- 3 |  4- 6 |  7- 9 || total
-------------------------+-------+-------+-------++-------
Melee: Unarmed           |     9 |       |       ||     9
       Club              |     6 |       |       ||     6
       Dagger            |    13 |    69 |       ||    82
       Spear             |       |    22 |   267 ||   289
 Cast: Magic Dart        |    81 |    61 |    53 ||   195
       Call Imp          |    12 |    37 |   104 ||   153
       Mephitic Cloud    |       |     3 |     4 ||     7
       Pain              |       |       |    12 ||    12
       Vampiric Draining |       |       |     5 ||     5
  Use: Scroll            |     6 |     6 |     6 ||    18
 Stab: Confused          |       |     4 |     1 ||     5
       Distracted        |       |     1 |     3 ||     4
       Sleeping          |       |       |     3 ||     3
Armor: Robe              |     9 |    24 |    40 ||    73
Dodge: Dodged            |    26 |    64 |   109 ||   199

Table legend:
 A = Non-vault XP
 B = Vault XP
 C = Vault XP percentage of total XP
 D = Non-vault monster count
 E = Vault monster count
 F = Vault count percentage of total count
                 A         B        C        D         E       F
            +---------+---------+-------+---------+---------+-------
      Total |    3774 |    1239 |  24.7 |     117 |      34 |  22.5
            +---------+---------+-------+---------+---------+-------
        D:1 |      28 |       0 |   0.0 |      15 |       0 |   0.0
        D:2 |      43 |       0 |   0.0 |      14 |       0 |   0.0
        D:3 |     167 |       0 |   0.0 |      26 |       0 |   0.0
        D:4 |     175 |       8 |   4.4 |       8 |       1 |  11.1
        D:5 |     266 |      20 |   7.0 |      13 |       1 |   7.1
        D:6 |     326 |       0 |   0.0 |       6 |       0 |   0.0
        D:7 |     827 |    1112 |  57.3 |      14 |      20 |  58.8
        D:8 |    1942 |       0 |   0.0 |      21 |       0 |   0.0
      Sewer |       0 |      99 | 100.0 |       0 |      12 | 100.0
            +---------+---------+-------+---------+---------+-------
